 Dungeon Crawl Stone Soup version 0.20-a0-465-g6513c8f (webtiles) character file.

653 Queen the Carver (level 7, -6/57 HPs)
             Began as a Pale Draconian Monk on Jan 12, 2017.
             Killed by divine providence
             ... invoked by an orc priest
              (12 damage)
             ... on level 4 of the Dungeon.
             The game lasted 00:08:08 (3527 turns).

Queen the Carver (Pale Draconian Monk)              Turns: 3527, Time: 00:08:13

Health: -6/57      AC:  7    Str: 13    XL:     7   Next: 28%
Magic:  7/7        EV: 13    Int: 10    God:
Gold:   285        SH:  0    Dex: 16    Spells: 6/6 levels left

rFire  . . .     SeeInvis .     y - +2 falchion (holy)
rCold  . . .     Gourm    .     (armour unavailable)
rNeg   . . .     Faith    .     (no shield)
rPois  .         Spirit   .     (helmet restricted)
rElec  .         Reflect  .     (no cloak)
rCorr  .         Harm     .     (no gloves)
MR     .....                    z - +0 pair of boots
Stlth  ++........               w - amulet of magic regeneration
                                (no ring)
                                (no ring)

@: exhausted
A: breathe steam, unfitting armour, cold-blooded, AC +6
a: Breathe Steam


You were on level 4 of the Dungeon.
You were not hungry.

You visited 1 branch of the dungeon, and saw 4 of its levels.

You collected 285 gold pieces.

Inventory:

Hand Weapons
 y - a +2 falchion of holy wrath (weapon)
Armour
 z - a +0 pair of boots (worn)
Jewellery
 w - an amulet of magic regeneration (around neck)
Wands
 m - a wand of flame (25/48)
 v - a wand of digging (13/24)
Scrolls
 a - a scroll of blinking {unknown}
 g - 3 scrolls of identify
 h - a scroll of immolation {unknown}
 j - 2 scrolls of remove curse {unknown}
 k - a scroll of enchant weapon {unknown}
 n - a scroll of fog {unknown}
 o - a scroll of amnesia {unknown}
 q - a scroll of enchant armour {unknown}
 u - a scroll of random uselessness {unknown}
Potions
 d - a potion of agility
 e - a potion of curing
 i - a potion of cancellation
 r - 2 potions of heal wounds {unknown}
 s - 2 potions of cure mutation {unknown}
 x - a potion of resistance {unknown}
Comestibles
 b - 8 bread rations
 c - 2 meat rations
 l - 6 fruits
 p - a beef jerky
 t - a slice of pizza


   Skills:
 - Level 3.2 Fighting
 + Level 8.5 Long Blades
 - Level 2.7 Dodging
 - Level 1.7 Stealth


You had 6 spell levels left.
You didn't know any spells.

Dungeon Overview and Level Annotations

Branches:
Dungeon (4/15)
 Temple: D:4-7

Altars:
Ashenzari
Hepliaklqana


Innate Abilities, Weirdness & Mutations

You can breathe blasts of scalding, opaque steam.
Your pale cyan-grey scales are hard. (AC +6)
You cannot fit into any form of body armour.
You are cold-blooded and may be slowed by cold attacks.


Message History

An orc comes into view. It is wielding a flail.
You are no longer berserk.
You are exhausted.
You feel yourself slow down.
The orc shouts!
The orc priest calls down the wrath of Beogh upon you.
Beogh smites you!
* * * LOW HITPOINT WARNING * * *
The orc priest hits you but does no damage.
The orc priest barely misses you.
Things that are here:
a dagger; a robe; a club It was a potion of cancellation.
Your magical effects are unravelling.
You feel magically purged.
You feel yourself speed up. The orc hits you but does no damage.
The orc priest calls down the wrath of Beogh upon you.
Beogh smites you!
You die...

..## ##### ### ...#
#...####.# ...#
#.....##.# ..##
#......#.# ..#
#........# .##
##........##
.#####..........##
...............oo#
..#####........#@##
### ##........#)##
# #........##.##
#......#####)##
##....## ###.##
###### ###....###
##........###
##...........##
#.............###


You could see an orc priest and an orc.

Vanquished Creatures
  Eustachio (D:4)
  Duvessa (D:4)
  A phantom (D:4)
  Dowan (D:4)
  A hound (D:4)
  An orc priest (D:4)
  3 orc wizards
  2 adders
  5 oozes
  A worm (D:1)
  2 dart slugs
  4 leopard geckos
  2 orcs (D:3)
  12 giant cockroaches
  4 goblins
  6 hobgoblins
  3 jackals
  5 kobolds
  8 bats
  A frilled lizard (D:3)
  13 rats
77 creatures vanquished.

Notes
Turn   | Place    | Note
-------+----------+-------------------------------------------
     0 | D:1      | Queen the Draconian Monk began the quest for the Orb.
     0 | D:1      | Reached XP level 1. HP: 19/19 MP: 1/1
     1 | D:1      | Found a runed door.
   111 | D:1      | Reached XP level 2. HP: 26/26 MP: 2/2
   609 | D:1      | Reached skill level 4 in Long Blades
   617 | D:1      | Reached XP level 3. HP: 22/31 MP: 3/3
  1152 | D:2      | Reached XP level 4. HP: 38/38 MP: 4/4
  1181 | D:2      | Reached skill level 5 in Long Blades
  2276 | D:3      | Reached XP level 5. HP: 24/45 MP: 5/5
  2670 | D:4      | Found a shattered altar of Ashenzari.
  2705 | D:4      | Noticed an ogre
  2916 | D:4      | Noticed Eustachio
  2948 | D:4      | Killed Eustachio
  2948 | D:4      | Reached skill level 6 in Long Blades
  2948 | D:4      | Reached XP level 6. HP: 25/51 MP: 6/6
  3178 | D:4      | Found a hazy altar of Hepliaklqana.
  3333 | D:4      | Reached skill level 7 in Long Blades
  3391 | D:4      | Noticed Duvessa
  3394 | D:4      | Noticed Dowan
  3407 | D:4      | Killed Duvessa
  3407 | D:4      | Reached skill level 8 in Long Blades
  3413 | D:4      | Killed Dowan
  3413 | D:4      | Your scales start taking on a pale cyan-grey colour.
  3413 | D:4      | Reached XP level 7. HP: 49/57 MP: 7/7
  3527 | D:4      | Killed from afar by an orc priest

Vault maps used:
D:1:      dpeg_arrival_caged_fury
D:2:      first_bread
D:4:      marbit_many_paths, nicolae_overflow_crystal_walls, uniq_eustachio,
          uniq_duvessa

Skill      XL: |  1  2  3  4  5  6 |
---------------+-------------------+-----
Long Blades    | 4 5 6 8 |  8.5
Fighting       | |  3.2
Dodging        | |  2.7
Stealth        | |  1.7

Action                   |  1- 3 |  4- 6 |  7- 9 || total
-------------------------+-------+-------+-------++-------
Melee: Falchion          |   111 |   134 |     9 ||   254
       Tailslap          |    16 |    14 |       ||    30
  Use: Scroll            |       |     4 |       ||     4
       Potion            |       |     1 |     2 ||     3
 Stab: Sleeping          |     2 |     4 |       ||     6
       Distracted        |     1 |       |       ||     1
  Eat: Chunk             |     1 |     5 |       ||     6
       Meat ration       |       |     1 |       ||     1
Armor: Skin              |    31 |    31 |     4 ||    66
Dodge: Dodged            |    76 |    82 |     2 ||   160
       Rpst.: Falchion   |    22 |    25 |       ||    47
